cohdb
Replays
Latest Replays
All Replays
Popular Replays
Top Player Replays
Match Explorer
How It Works
Community
CoH3 Stats
Reddit
Sign in to upload your games and track your stats! →
Sign in with Steam
Match 42748143
Unlisted
Match 42748143
Overview
Messages
Build Orders
End
Construct Barracks
Riflemen Squad
Riflemen Squad
M1 Mortar Team
Grenade Package
Construct Weapon Support Center
Bazooka Squad
Construct Medical Station
Construct Medical Station
Construct Medical Station
Bazooka Squad
Infantry Support Center
Munitions Surplus
M1919 Machine Gun Team
Selects Advanced Infantry Battlegroup
Selects Convert to Ranger Squad
Selects Frontline Medical Station
Selects Infantry Assault
Construct Motor Pool
Deplorable Dave
~TAB~ THUND3RCHUNKY
infinityhacks
juha_84
cbigney
THE one-冰封夕阳
Oier
mayomeyo
0
0
Comments
sign in to comment!
No comments posted yet!